 Dungeon Crawl Stone Soup version 0.30.1-9-gdf580d7c3d (webtiles) character file.

Game seed: 1165226096509227496

298 Logoto the Firebug (level 6, -10/47 HPs)
             Began as a Draconian Fire Elementalist on Oct 16, 2023.
             Was an Initiate of Makhleb.
             Mangled by an ogre
             ... wielding a +0 giant club
              (15 damage)
             ... on level 4 of the Dungeon.
             The game lasted 00:10:54 (3831 turns).

Logoto the Firebug (Draconian Fire Elementalist)    Turns: 3831, Time: 00:10:56

Health: -10/47     AC:  6    Str: 12    XL:     6   Next: 13%
Magic:  7/11       EV: 12    Int: 16    God:    Makhleb [......]
Gold:   272        SH:  0    Dex: 11    Spells: 9/12 levels left

rFire   . . .        p - +3 dagger
rCold   . . .        (no shield)
rNeg    . . .        (body armour unavailable)
rPois   .            (helmet restricted)
rElec   .            (no cloak)
rCorr   .            (no gloves)
SInv    .            (no boots)
Will    .....        (no amulet)
Stlth   ++           (no ring)
HPRegen 0.27/turn    (no ring)
MPRegen 0.12/turn

%: no passive effects
@: no status effects
A: AC +6, unfitting armour, cold-blooded
a: Renounce Religion


You were on level 4 of the Dungeon.
You worshipped Makhleb.
Makhleb was noncommittal.
You visited 1 branch of the dungeon, and saw 5 of its levels.

You collected 272 gold pieces.

Inventory:

Hand Weapons
 n - a +0 spear
 p - a +3 dagger (weapon)
Jewellery
 f - a +6 ring of intelligence
 y - a ring of protection from cold
Wands
 o - a wand of mindburst (8)
 r - a wand of roots (3)
 s - a wand of digging (3)
Scrolls
 c - 9 scrolls of identify {unknown}
 e - 2 scrolls of teleportation {unknown}
 i - a scroll of vulnerability {unknown}
 l - 2 scrolls of magic mapping {unknown}
 u - a scroll of brand weapon {unknown}
 w - 2 scrolls of butterflies {unknown}
 x - a scroll of fog {unknown}
Potions
 a - 2 potions of magic
 b - a potion of heal wounds {unknown}
 d - 2 potions of cancellation {unknown}
 g - 3 potions of lignification {unknown}
 h - 2 potions of brilliance {unknown}
 j - 2 potions of might {unknown}
 k - a potion of haste {unknown}
 m - 2 potions of attraction {unknown}
 q - 2 potions of ambrosia {unknown}
 t - a potion of curing {unknown}
 v - a potion of flight {unknown}


   Skills:
 + Level 1.0 Fighting
 + Level 0.7 Short Blades
 + Level 1.0 Polearms
 + Level 2.4 Dodging
 + Level 2.3 Stealth
 + Level 3.8 Spellcasting
 + Level 1.9 Conjurations
 + Level 4.5 Fire Magic


You had 9 spell levels left.
You knew the following spells:

 Your Spells              Type           Power      Damage    Failure   Level
a - Foxfire               Conj/Fire      52%        2x1d6     4%          1
b - Scorch                Fire           34%        2d6       4%          2

Your spell library contained the following spells:

 Spells                   Type           Power      Damage    Failure   Level
 Inner Flame              Hex/Fire       10%        N/A       21%         3
 Volatile Blastmotes      Fire/Tloc      20%        2d11      21%         3
 Flame Wave               Conj/Fire      13%        2d6       41%         4


Dungeon Overview and Level Annotations

Branches:
Dungeon (5/15)
 Temple: D:4-7

Altars:
Fedhas
Kikubaaqudgha
Makhleb
Ru
Xom
Yredelemnul

Shops:
D:2 [


Innate Abilities, Weirdness & Mutations

Your plain brown scales are hard. (AC +6)
You cannot fit into any form of body armour.
You are cold-blooded and may be slowed by cold attacks.


Message History

The orc is almost dead.
The orc barely misses you. The ogre attacks as you move away!
The ogre completely misses you. The orc hits you but does no damage.
You barely miss the orc. You tail-slap the orc.
You kill the orc!
Makhleb accepts your kill. The ogre hits you with a +0 giant club!
* * * LOW HITPOINT WARNING * * *
Your Fighting skill increases to level 1!
You see here a +0 dagger.
Found a ruby potion.
Found 7 gold pieces.
Found 5 stones.
There is a stone staircase leading up here.
You can't go down here!
You climb upwards.
There is a stone staircase leading down here.
You start resting.
Magic restored.
You start resting.
HP restored.
You can't go up here!
You climb downwards.
The ogre hits you with a +0 giant club!!
Ouch! That really hurt!
There is a stone staircase leading up, spattered with blood here.
Casting: Foxfire (safe; 4% risk of failure)
Confirm with . or Enter, or press ? or * to list all spells.
Flames lash the ogre.
The ogre is moderately wounded.
The ogre's fire resistance burns away.
The ogre hits you with a +0 giant club!
* * * LOW HITPOINT WARNING * * *
Casting: Scorch (safe; 4% risk of failure)
Confirm with . or Enter, or press ? or * to list all spells.
Flames lash the endoplasm.
You kill the endoplasm!
Makhleb accepts your kill. The ogre hits you with a +0 giant club!
You die...

#.............#.....##
#.....................
#.................#...
##............#...##..
##.#..##.....#.###...
#........##.##.# ...
#.......รทรท...##..(
.# ##.....##.........
#.#.....@...#...#
###.##..O.......#
#.........#.....
#..###....##...#
....#?#....# ....
.####+####.# #. .# ..


You could see an ogre (combustible).

Vanquished Creatures
  A scorpion (D:3)
  2 hounds
  4 gnolls (D:3)
  8 adders
  A dart slug (D:2)
  3 orcs
  5 ball pythons
  3 bats
  7 endoplasms
  3 giant cockroaches
  9 goblins
  7 hobgoblins
  2 jackals (D:4)
  2 quokkas
  2 frilled lizards (D:1)
  8 kobolds
  4 rats
71 creatures vanquished.

Vanquished Creatures (others)
  143 foxfires
143 creatures vanquished.

Grand Total: 214 creatures vanquished

Notes
Turn   | Place    | Note
-------+----------+-------------------------------------------
     0 | D:1      | Logoto the Draconian Fire Elementalist began the quest for
                  | the Orb.
     0 | D:1      | Reached XP level 1. HP: 14/14 MP: 3/3
   437 | D:1      | Reached XP level 2. HP: 20/20 MP: 1/5
   785 | D:1      | Learned a level 2 spell: Scorch
  1351 | D:2      | Reached XP level 3. HP: 26/26 MP: 1/6
  1565 | D:2      | You fall into a shaft and drop 1 floor!
  1812 | D:3      | Reached XP level 4. HP: 26/33 MP: 3/8
  1891 | D:3      | Reached skill level 4 in Fire Magic
  2252 | D:2      | Reached skill level 1 in Polearms
  2280 | D:2      | Identified the +6 ring mail "Rojeipo" {Int+4}
  2423 | D:2      | Found Ronotas's Antique Armour Emporium.
  2444 | D:2      | Reached XP level 5. HP: 38/38 MP: 10/10
  3261 | D:3      | Found an ancient bone altar of Kikubaaqudgha.
  3261 | D:3      | Found a basalt altar of Yredelemnul.
  3261 | D:3      | Found a blossoming altar of Fedhas.
  3261 | D:3      | Found a burning altar of Makhleb.
  3269 | D:3      | Found a sacrificial altar of Ru.
  3269 | D:3      | Found a shimmering altar of Xom.
  3300 | D:3      | Became a worshipper of Makhleb the Destroyer
  3653 | D:4      | Noticed an ogre
  3679 | D:5      | Entered Level 5 of the Dungeon
  3683 | D:5      | Reached XP level 6. HP: 19/46 MP: 3/11
  3700 | D:4      | Reached skill level 1 in Fighting
  3831 | D:4      | Mangled by an ogre

Illustrated notes

Levels and vault maps discovered:
D:1:      saegor_arrival_simple_e, layout_loops_ring, minmay_cut_off
D:2:      layout_basic, serial_shops, shop, nicolae_titane
D:3:      wad_river_or_something, layout_loops_ring, minmay_overflow_temple_hex
D:4:      layout_cave_pools, minmay_temple_entry_glass, grunt_tough_drop
D:5:      layout_cave_pools, nicolae_underground_beach

Skill      XL: |  1  2  3  4  5  6 |
---------------+-------------------+-----
Dodging        | 2 |  2.4
Stealth        | 2 |  2.3
Spellcasting   | 3 |  3.8
Fire Magic     | 4 |  4.5
Polearms       | 1 |  1.0
Fighting       | 1 |  1.0
Short Blades   | |  0.7
Conjurations   | |  1.9

Action                     |  1- 3 |  4- 6 || total
---------------------------+-------+-------++-------
  Melee: Dagger            |    34 |    60 ||    94
         Unarmed           |     2 |       ||     2
         Tailslap          |     6 |     9 ||    15
         Spear             |    10 |       ||    10
   Cast: Foxfire           |    61 |    42 ||   103
         Scorch            |     5 |    11 ||    16
   Stab: Sleeping          |       |     3 ||     3
 Armour: Skin              |    12 |    29 ||    41
  Dodge: Dodged            |    33 |    74 ||   107
